 Dungeon Crawl Stone Soup version 0.28-a0-297-g99b01970c5 (webtiles) character file.

Game seed: 9666772305881232066

351 Gargoyl the Skirmisher (level 6, -8/53 HPs)
             Began as a Gnoll Abyssal Knight on Aug 29, 2021.
             Was a Believer of Lugonu.
             Mangled by a gnoll (10 damage)
             ... on level 4 of the Dungeon.
             The game lasted 00:04:17 (3661 turns).

Gargoyl the Skirmisher (Gnoll Abyssal Knight)       Turns: 3661, Time: 00:04:18

Health: -8/53      AC: 15    Str: 14    XL:     6   Next: 61%
Magic:  9/9        EV:  7    Int: 11    God:    Lugonu [**....]
Gold:   180        SH:  0    Dex: 11    Spells: 9/9 levels left

rFire   . . .      SeeInvis .   f - +2 falchion (flame)
rCold   . . .      Faith    .   (no shield)
rNeg    . . .      Spirit   .   m - +0 chain mail
rPois   .          Reflect  .   (no helmet)
rElec   .          Harm     .   s - +0 cloak
rCorr   .          Rampage  .   (no gloves)
Will    .....                   (no boots)
Stlth   ..........              (no amulet)
HPRegen 0.17/turn               g - +4 ring of protection
MPRegen 0.11/turn               (no ring)

@: no status effects
A: fangs 1, strong nose, distributed training
a: Renounce Religion, Depart the Abyss, Bend Space


You were on level 4 of the Dungeon.
You worshipped Lugonu.
Lugonu was pleased with you.
You visited 1 branch of the dungeon, and saw 4 of its levels.
You visited the Abyss 1 time.

You collected 180 gold pieces.

Inventory:

Hand Weapons
 a - a +1 hand axe
 f - a +2 falchion of flaming (weapon)
Missiles
 l - 6 javelins
Armour
 m - a +0 chain mail (worn)
 s - a +0 cloak (worn)
Jewellery
 g - a +4 ring of protection (left hand)
Wands
 q - a wand of polymorph (8)
Scrolls
 j - a scroll of magic mapping
 r - a scroll of teleportation
Potions
 b - a potion of ambrosia
 c - 2 potions of haste
 d - a potion of invisibility {unknown}
 h - 2 potions of might {unknown}
 i - a potion of mutation {unknown}
 k - a potion of curing {unknown}
 n - a potion of brilliance {unknown}
 o - 3 potions of degeneration {unknown}
 p - 2 potions of attraction {unknown}
Miscellaneous
 e - a piece from Xom's chessboard (15/15)


   Skills:
 + Level 6.8 Fighting
 + Level 2.0 Short Blades
 + Level 2.0 Long Blades
 + Level 5.0 Axes
 + Level 2.0 Maces & Flails
 + Level 2.0 Polearms
 + Level 2.0 Staves
 + Level 2.0 Slings
 + Level 2.0 Bows
 + Level 2.0 Crossbows
 + Level 2.0 Throwing
 + Level 5.0 Armour
 + Level 3.3 Dodging
 + Level 2.0 Stealth
 + Level 2.0 Shields
 + Level 2.0 Unarmed Combat
 + Level 2.0 Spellcasting
 + Level 1.6 Conjurations
 + Level 1.6 Hexes
 + Level 1.6 Summonings
 + Level 1.6 Necromancy
 + Level 1.6 Translocations
 + Level 1.6 Transmutations
 + Level 1.6 Fire Magic
 + Level 1.6 Ice Magic
 + Level 1.6 Air Magic
 + Level 1.6 Earth Magic
 + Level 1.6 Poison Magic
 + Level 5.1 Invocations
 + Level 2.0 Evocations


You had 9 spell levels left.
You didn't know any spells.
Your spell library contained the following spells:

 Spells                   Type           Power      Damage    Failure   Level
 Freeze                   Ice            16%        1d4       97%         1
 Frozen Ramparts          Ice            8%         1d2       100%        3
 Gell's Gravitas          Tloc           2%         N/A       100%        3
 Lesser Beckoning         Tloc           4%         N/A       100%        3
 Swiftness                Air            4%         N/A       100%        3
 Teleport Other           Tloc           4%         N/A       100%        3
 Hailstorm                Conj/Ice       4%         3d4       100%        4
 Lightning Bolt           Conj/Air       2%         1d13      100%        5
 Eringya's Noxious Bog    Tmut/Pois      2%         N/A       100%        6


Dungeon Overview and Level Annotations

Branches:
Dungeon (4/15)
 Temple: D:4-7

Altars:
Cheibriados
Makhleb
Qazlal
Xom


Innate Abilities, Weirdness & Mutations

You have very sharp teeth.
Your uncanny sense of smell can sniff out nearby items.
Your experience applies equally to all skills.


Message History

You barely miss the gnoll.
The gnoll hits you but does no damage. x2
Unknown command.
You hit the gnoll but do no damage. The gnoll hits you with a +0 spear.
The gnoll hits you from afar with a +0 halberd!
Unknown command.
You closely miss the gnoll. The gnoll barely misses you.
The gnoll hits you from afar with a +0 halberd.
You hit the gnoll. You burn the gnoll.
The gnoll is heavily wounded.
The gnoll barely misses you.
The gnoll hits you from afar with a +0 halberd.
The gnoll closely misses you.
Unknown command.
You barely miss the gnoll.
The gnoll is heavily wounded.
The gnoll hits you from afar with a +0 halberd.
The gnoll hits you with a +0 spear.
The gnoll hits you from afar with a +0 halberd!
You hit the gnoll. You burn the gnoll.
You kill the gnoll!
Lugonu accepts your kill.
The gnoll hits you from afar with a +0 halberd.
* * * LOW HITPOINT WARNING * * *
Unknown command.
The gnoll closely misses you.
You see here a +0 spear.
Unknown command.
You closely miss the gnoll. The gnoll closely misses you.
You hit the gnoll. You burn the gnoll.
The gnoll is moderately wounded.
The gnoll hits you with a +0 halberd.
* * * LOW HITPOINT WARNING * * *
You hit the gnoll. You burn the gnoll.
The gnoll is severely wounded.
The gnoll hits you with a +0 halberd.
* * * LOW HITPOINT WARNING * * *
You barely miss the gnoll.
The gnoll is severely wounded.
The gnoll hits you with a +0 halberd!
You die...

.#..#####.#
#.########### #...#
#.# ##.# ..#.##
#.##########..# .#...#
#.............# #....#
#############..######
..#..#
#...................#
.....#
#.#####........####.#
.###.###.#
###.#####.#####.##
.........#
#...g@)..........#
##########
#.#.#####.....#..#
#.#.########†#...#####
# #g.......>###.......
#..#######.#......<.
#..# ##.#......# #g.#
###.######.# ## ....
#...# #.# .. #.#.
#.#.# #.#


You could see a gnoll.

Vanquished Creatures
  A scorpion (D:3)
  The ghost of jeb the Skirmisher, a weakling DsAK of Lugonu (D:3)
  A hound (D:4)
  Natasha (twice) (D:2)
  A hound skeleton (D:4)
  3 adders
  3 gnolls (D:4)
  A worm (D:3)
  2 dart slugs
  6 orcs
  6 bats
  10 endoplasms
  2 giant cockroaches
  5 goblins
  8 hobgoblins
  5 jackals (D:3)
  7 kobolds
  A quokka (D:4)
  8 ball pythons
  8 frilled lizards
  5 rats
86 creatures vanquished.

Vanquished Creatures (collateral kills)
  An orc (D:3)
1 creature vanquished.

Vanquished Creatures (others)
  5 dream sheep (D:3)
5 creatures vanquished.

Grand Total: 92 creatures vanquished

Notes
Turn   | Place    | Note
-------+----------+-------------------------------------------
     0 | Abyss:1  | Gargoyl the Gnoll Abyssal Knight began the quest for the
                  | Orb.
     0 | Abyss:1  | Reached XP level 1. HP: 23/23 MP: 3/3
    52 | Abyss:2  | Got the Tome of Contamination and Lightness
    81 | Abyss:2  | Noticed a small abomination
    83 | D:1      | Escaped the Abyss
   106 | D:1      | Reached XP level 2. HP: 22/29 MP: 5/5
   222 | D:1      | Reached * piety under Lugonu
   319 | D:1      | Found a faded altar of an unknown god.
   606 | D:1      | Reached XP level 3. HP: 32/35 MP: 6/6
  1389 | D:2      | Noticed Natasha
  1396 | D:2      | Reached skill level 1 in Short Blades
  1396 | D:2      | Reached skill level 1 in Long Blades
  1396 | D:2      | Reached skill level 1 in Maces & Flails
  1396 | D:2      | Reached skill level 1 in Polearms
  1396 | D:2      | Reached skill level 1 in Staves
  1396 | D:2      | Reached skill level 1 in Slings
  1396 | D:2      | Reached skill level 1 in Bows
  1396 | D:2      | Reached skill level 1 in Crossbows
  1396 | D:2      | Reached skill level 1 in Throwing
  1396 | D:2      | Reached skill level 1 in Stealth
  1396 | D:2      | Reached skill level 1 in Shields
  1396 | D:2      | Reached skill level 1 in Unarmed Combat
  1396 | D:2      | Reached skill level 1 in Spellcasting
  1396 | D:2      | Reached skill level 1 in Evocations
  1399 | D:2      | Killed Natasha
  1400 | D:2      | Reached XP level 4. HP: 27/41 MP: 7/7
  1558 | D:2      | Noticed Natasha
  1564 | D:2      | Killed Natasha
  1565 | D:2      | Reached skill level 1 in Conjurations
  1565 | D:2      | Reached skill level 1 in Hexes
  1565 | D:2      | Reached skill level 1 in Summonings
  1565 | D:2      | Reached skill level 1 in Necromancy
  1565 | D:2      | Reached skill level 1 in Translocations
  1565 | D:2      | Reached skill level 1 in Transmutations
  1565 | D:2      | Reached skill level 1 in Fire Magic
  1565 | D:2      | Reached skill level 1 in Ice Magic
  1565 | D:2      | Reached skill level 1 in Air Magic
  1565 | D:2      | Reached skill level 1 in Earth Magic
  1565 | D:2      | Reached skill level 1 in Poison Magic
  1813 | D:3      | Found a faded altar of an unknown god.
  1813 | D:3      | Found a snail-covered altar of Cheibriados.
  1813 | D:3      | Noticed a scorpion
  1824 | D:3      | Killed a scorpion
  1825 | D:3      | Reached XP level 5. HP: 15/47 MP: 8/8
  2089 | D:3      | Found a faded altar of an unknown god.
  2091 | D:3      | Found a stormy altar of Qazlal.
  2093 | D:3      | Found a burning altar of Makhleb.
  2172 | D:3      | Reached ** piety under Lugonu
  2569 | D:3      | Found a runed translucent door.
  2569 | D:3      | Noticed jeb's ghost (weakling DsAK)
  2598 | D:3      | Killed jeb's ghost
  2599 | D:3      | Reached skill level 5 in Invocations
  2599 | D:3      | Reached XP level 6. HP: 40/53 MP: 9/9
  2829 | D:3      | Noticed a dream sheep
  2829 | D:3      | Noticed a dream sheep
  2829 | D:3      | Noticed a dream sheep
  2829 | D:3      | Noticed a dream sheep
  2829 | D:3      | Noticed a dream sheep
  2829 | D:3      | Found a shimmering altar of Xom.
  2833 | D:3      | Killed a dream sheep
  2833 | D:3      | Killed a dream sheep
  2835 | D:3      | Killed a dream sheep
  2836 | D:3      | Killed a dream sheep
  2836 | D:3      | Killed a dream sheep
  3397 | D:4      | Reached skill level 5 in Axes
  3397 | D:4      | Reached skill level 5 in Armour
  3660 | D:4      | HP: 2/53 [gnoll (6)]
  3661 | D:4      | Mangled by a gnoll

Illustrated notes

Levels and vault maps discovered:
D:1:      lightli_arrival_maybe_door_vault, layout_loops_ring,
          basic_ecumenical_altar, grunt_decor_mini_mirrors,
          hangedman_decor_points
D:2:      minmay_skewed_foursquare, layout_rooms, grunt_ministairs_7,
          uniq_natasha
D:3:      layout_loops_ring, kb_xom_exploding_sheep,
          chequers_temple_overflow_minitemple, gammafunk_ghost_grave,
          kennysheep_big_empty_room, minmay_misc_feat_four_crosses
D:4:      layout_loops_ring, minmay_misc_feat_diagonals,
          small_statue_intersection, hangedman_decor_riveting

Skill      XL: |  1  2  3  4  5  6 |
---------------+-------------------+-----
Short Blades   | 1 2 |  2.0
Long Blades    | 1 2 |  2.0
Maces & Flails | 1 2 |  2.0
Polearms       | 1 2 |  2.0
Staves         | 1 2 |  2.0
Slings         | 1 2 |  2.0
Bows           | 1 2 |  2.0
Crossbows      | 1 2 |  2.0
Throwing       | 1 2 |  2.0
Stealth        | 1 2 |  2.0
Shields        | 1 2 |  2.0
Unarmed Combat | 1 2 |  2.0
Spellcasting   | 1 2 |  2.0
Evocations     | 1 2 |  2.0
Conjurations   | 1 |  1.6
Hexes          | 1 |  1.6
Summonings     | 1 |  1.6
Necromancy     | 1 |  1.6
Translocations | 1 |  1.6
Transmutations | 1 |  1.6
Fire Magic     | 1 |  1.6
Ice Magic      | 1 |  1.6
Air Magic      | 1 |  1.6
Earth Magic    | 1 |  1.6
Poison Magic   | 1 |  1.6
Dodging        | 3 |  3.3
Invocations    | 5 |  5.1
Axes           | 5 |  5.0
Armour         | 5 |  5.0
Fighting       | |  6.8

Action                   |  1- 3 |  4- 6 || total
-------------------------+-------+-------++-------
Melee: Falchion          |    71 |   157 ||   228
       Bite              |     5 |    16 ||    21
       Punch             |       |     2 ||     2
Invok: Depart the Abyss  |     1 |       ||     1
Evoke: Piece from Xom's  |     2 |       ||     2
  Use: Scroll            |     2 |     5 ||     7
Armor: Leather armour    |     1 |       ||     1
       Ring mail         |    21 |       ||    21
       Chain mail        |     3 |   175 ||   178
Dodge: Dodged            |    32 |    67 ||    99

Table legend: (Time is in decaauts)
 A = Elapsed time spent in this place.
 B = Non-inter-level travel time spent in this place.
 C = Inter-level travel time spent in this place.
 D = Time resting spent in this place.
 E = Time spent auto-exploring this place.
 F = Levels seen in this place.
 G = Mean time per level.
                   A        B        C        D        E       F      G
               +--------+--------+--------+--------+--------+-----+--------+
         Total |   3711 |   3661 |     50 |    353 |   2455 |   6 |  618.5 |
       Dungeon |   3629 |   3579 |     50 |    353 |   2413 |   4 |  907.2 |
         Abyss |     82 |     82 |      0 |      0 |     42 |   2 |   41.0 |
               +--------+--------+--------+--------+--------+-----+--------+

Top non-repeatable levels by time:
     D:3: 1188 daAuts
     D:1: 940 daAuts
     D:2: 775 daAuts
     D:4: 725 daAuts
 Abyss:2: 55 daAuts
 Abyss:1: 27 daAuts
